 Dungeon Crawl Stone Soup version 0.29.1-13-g9f3cf754e1 (webtiles) character file.

Game seed: 706368094064120724

44977 promet the Basher (level 13, -2/127 HPs)
             Began as a Troll Fighter on Feb 4, 2023.
             Was the Champion of Dithmenos.
             Slain by an Executioner (6 damage)
             ... on level 2 of the Abyss on Feb 5, 2023.
             The game lasted 02:50:15 (22880 turns).

promet the Basher (Troll Fighter)                  Turns: 22880, Time: 02:50:16

Health: -2/127     AC: 16    Str: 27      XL:     13   Next: 99%
Magic:  0/16       EV: 10    Int:  5 (6)  God:    Dithmenos [******]
Gold:   1099       SH:  0    Dex:  7      Spells: 16/18 levels left

rFire   + . .      SeeInvis .   a - +6 great mace (drain)
rCold   . . .      Faith    .   (shield currently unavailable)
rNeg    + . .      Spirit   +   v - +2 troll leather armour {Snorg}
rPois   .          Reflect  .   C - +2 hat
rElec   .          Harm     .   T - +1 cloak
rCorr   .          Rampage  .   (gloves unavailable)
Will    .....                   (boots unavailable)
Stlth   ++........              e - amulet of guardian spirit
HPRegen 0.00/turn               n - ring "Hoen" {rC+ rN+ AC+4}
MPRegen 0.15/turn               N - ring of fire

@: sick, wreathed by umbra, unable to drink
A: large, unfitting armour, claws 3, regeneration 1, shaggy fur 1, tough skin 1,
[clumsy 2], [deterioration 2], [subdued magic 3], [inability to drink after
injury 2]
a: Renounce Religion, Shadow Step, Shadow Form


You were on level 2 of the Abyss.
You worshipped Dithmenos.
Dithmenos was exalted by your worship.
You visited 2 branches of the dungeon, and saw 13 of its levels.
You visited the Abyss 1 time.

You collected 1505 gold pieces.
You spent 406 gold pieces at shops.

Inventory:

Hand Weapons
 a - a +6 great mace of draining (weapon)
 b - the +6 shortbow of the Shining Light {freeze, rC+++ Will++ Int-2}
   (You bought it in a shop on level 2 of the Dungeon)

   Any ammunition fired from it freezes those it strikes, dealing additional
   cold damage.
   It can also slow down cold-blooded creatures.
   Int:       It affects your intelligence (-2).
   rC:        It renders you almost immune to cold.
   Will:      It greatly increases your willpower.
 g - a +4 short sword
 k - a +0 giant spiked club
 x - a +3 hand axe
 A - a +5 great sword
 G - a +0 vampiric halberd
 I - a +0 sling
 L - a +4 morningstar
 O - a +2 whip of freezing
 W - a +2 spectral quarterstaff
 X - the +0 rapier of Gualikh {speed, Str+3 Int+2 Dex+3}
   (You found it on level 2 of the Lair of Beasts)

   Attacks with this weapon are significantly faster.
   Str:       It affects your strength (+3).
   Int:       It affects your intelligence (+2).
   Dex:       It affects your dexterity (+3).
Missiles
 d - 4 throwing nets (quivered)
 h - 186 stones
 l - 4 large rocks
 t - 6 poisoned darts
Armour
 c - a +0 kite shield
 v - a +2 troll leather armour (worn) {Snorg}
 C - a +2 hat (worn)
 T - a +1 cloak (worn)
Magical Staves
 r - a staff of cold
Jewellery
 e - an amulet of guardian spirit (around neck)
 n - the ring "Hoen" (left claw) {rC+ rN+ AC+4}
   (You found it on level 2 of the Dungeon)

   [ring of protection]

   AC:        It affects your AC (+4).
   rC:        It protects you from cold.
   rN:        It protects you from negative energy.
 J - an amulet of magic regeneration
 N - a ring of fire (right claw)
 Y - a ring of magical power
Wands
 f - a wand of paralysis (9)
 z - a wand of polymorph (8)
 D - a wand of digging (17)
 F - a wand of roots (1)
 M - a wand of flame (29)
 R - a wand of acid (10)
Scrolls
 j - 2 scrolls of identify
 m - 4 scrolls of amnesia
 y - 3 scrolls of poison
 H - 2 scrolls of silence
 Q - 2 scrolls of teleportation
 S - 7 scrolls of butterflies
Potions
 i - 3 potions of might
 o - 3 potions of haste
 p - 2 potions of curing
 q - 2 potions of lignification
 s - 2 potions of flight
 w - a potion of degeneration {unknown}
 B - a potion of heal wounds
 E - 2 potions of ambrosia
 P - a potion of cancellation
 Z - a potion of magic
Miscellaneous
 K - a piece from Xom's chessboard (15/15)
 U - a phantom mirror


   Skills:
 + Level 8.1 Fighting
 + Level 5.3 Long Blades
 + Level 13.6 Maces & Flails
 + Level 7.4 Ranged Weapons
 + Level 2.8 Throwing
 + Level 2.4 Armour
 + Level 7.3 Dodging
 + Level 2.8 Stealth
 + Level 4.5 Shields
 + Level 0.7 Unarmed Combat
 * Level 3.1 Spellcasting
 + Level 0.8 Evocations


You had 16 spell levels left.
You knew the following spells:

 Your Spells              Type           Power      Damage    Failure   Level
a - Searing Ray           Conj           0%         2d4       41%         2

Your spell library contained the following spells:

 Spells                   Type           Power      Damage    Failure   Level
 Freeze                   Ice            0%         1d3       28%         1
 Magic Dart               Conj           0%         1d3       28%         1
 Static Discharge         Conj/Air       0%         3-3/arc   41%         2
 Frozen Ramparts          Ice            0%         1d1       67%         3
 Anguish                  Hex/Necr       0%         N/A       98%         4
 Dispel Undead            Necr           0%         3d6       98%         4
 Fulminant Prism          Conj/Hex       0%         3d6       98%         4
 Hailstorm                Conj/Ice       0%         3d3       98%         4
 Ice Form                 Ice/Tmut       0%         N/A       98%         4
 Passage of Golubria      Tloc           0%         N/A       98%         4
 Sticky Flame             Conj/Fire      0%         2d3       98%         4
 Summon Ice Beast         Ice/Summ       0%         N/A       98%         4
 Silence                  Hex/Air        0%         N/A       100%        5
 Enfeeble                 Hex            0%         N/A       100%        7
 Lehudib's Crystal Spear  Conj/Erth      0%         10d2      100%        8


Dungeon Overview and Level Annotations

Branches:
Dungeon (8/15)             Temple (0/1) D:4            Lair (5/5) D:8
 Shoals (0/4) Lair:3       Spider (0/4) Lair:3        Slime (0/5) Lair:5

Altars:
Cheibriados
Dithmenos
Elyvilon
Fedhas
Gozag
Hepliaklqana
Qazlal
Trog
Vehumet
Wu Jian
Jiyva

Shops:
D:2 ?(?(   D:5 :   D:6 [   D:7 !


Innate Abilities, Weirdness & Mutations

You are too large for most types of armour.
You have claws for hands.
Your natural rate of healing is unusually fast.
You are covered in fur. (AC +1)
You have tough skin. (AC +1)
[You are very clumsy. (Dex -4)]
[Your body often deteriorates upon taking damage.]
[Your spells are much easier to cast, but much less powerful.]
[You sometimes lose the ability to drink potions when taking damage.]


Message History

Your shadow hits the Executioner with a great mace!
You hear a shout!
The Executioner hits you! The Executioner hits you.
The Executioner hits you but does no damage.
The Executioner misses you.
The Executioner hits you but does no damage. x2
A neqoxec comes into view.
You hit the Executioner.
The Executioner is severely wounded.
Your shadow misses the Executioner.
The Executioner gestures.
The Executioner seems to speed up.
The Executioner hits you. The Executioner hits you!
* * * LOW HITPOINT WARNING * * *
The Executioner hits you but does no damage.
You barely miss the Executioner.
The Executioner is severely wounded.
The Executioner hits you.
* * * LOW HITPOINT WARNING * * *
The Executioner closely misses you. x2; The Executioner hits you!
* * * LOW HITPOINT WARNING * * *
The Executioner hits you but does no damage.
The Executioner hits you.
* * * LOW HITPOINT WARNING * * *
The Executioner hits you!
* * * LOW HITPOINT WARNING * * *
The Executioner hits you but does no damage. x2
The neqoxec gestures at you.
Something tries to feed on your intellect!
You sock the Executioner!
The Executioner is severely wounded.
Your shadow barely misses the Executioner.
The Executioner barely misses you. The Executioner hits you.
* * * LOW HITPOINT WARNING * * *
The Executioner hits you but does no damage.
The Executioner hits you!
* * * LOW HITPOINT WARNING * * *
The Executioner hits you but does no damage.
The Executioner barely misses you. The Executioner hits you!
You die...

#. .
..##
.#.. .
..# ..#
###.# #
3.# ...
...#
##.# ..#
. #
#.#..#.#
#. #
#...x#.#
.#
##...1.#
## # #
#@# .#
##..###
. # #...
##.# .#
#. .## #
# # # .
... ...#
4 ### .
## # #
.. . # .
... . #
. # # #
# . # ..
# . #..
.


You could see an Executioner (fast), a neqoxec and a small abomination.

Vanquished Creatures
  2 tentacled starspawn (Abyss:2)
  Snorg (Lair:5)
  4 hydras
  A catoblepas (Lair:2)
  10 death yaks
  A wretched star (Abyss:2)
  A phantasmal warrior (Abyss:2)
  A wolf spider (Lair:3)
  16 elephants
  The ghost of 0gre the Slasher, a novice GnBe of Trog (D:4)
  4 black mambas
  A centaur zombie (Abyss:2)
  An orange demon (Abyss:2)
  9 cane toads
  5 komodo dragons
  7 rime drakes
  An ancient zyme (Abyss:2)
  A polar bear (Lair:3)
  6 blink frogs
  4 slime creatures (Lair:5)
  A hornet (D:7)
  6 dream sheep (Lair:5)
  A flying skull (Abyss:2)
  40 yaks
  5 wyverns
  5 basilisks
  A steam dragon (D:8)
  A redback (Lair:3)
  A chaos spawn (Abyss:2)
  A large abomination (Abyss:2)
  16 water moccasins
  A hell hound (Lair:5)
  4 ice beasts
  3 black bears
  2 orc warriors (D:6)
  8 wolves (Lair:3)
  4 ogres
  2 phantoms
  3 necrophages
  14 bullfrogs
  3 scorpions
  14 wights
  5 howler monkeys
  3 electric eels
  A lava snake (D:8)
  A small abomination (Abyss:2)
  5 hounds
  4 jellies
  4 orc priests
  A gnoll bouda (D:3)
  7 iguanas
  Ijyb (D:5)
  6 orc wizards
  2 hell rats
  9 adders
  12 gnolls
  11 river rats
  A shadow imp (D:4)
  6 white imps
  An ufetubus (Abyss:2)
  6 worms
  3 dart slugs
  38 orcs
  6 bats
  11 endoplasms
  4 giant cockroaches
  7 hobgoblins
  21 jackals
  12 kobolds
  7 quokkas
  5 ball pythons
  4 frilled lizards
  10 goblins
  21 rats
  A spectral kobold (D:8)
449 creatures vanquished.

Vanquished Creatures (collateral kills)
  An elephant (Lair:5)
1 creature vanquished.

Vanquished Creatures (others)
  A quokka (D:6)
  32 fungi
  52 plants
  4 starspawn tentacles (Abyss:2)
89 creatures vanquished.

Grand Total: 539 creatures vanquished

Notes
Turn   | Place    | Note
-------+----------+-------------------------------------------
     0 | D:1      | promet the Troll Fighter began the quest for the Orb.
     0 | D:1      | Reached XP level 1. HP: 22/22 MP: 0/0
   104 | D:1      | Reached XP level 2. HP: 29/29 MP: 1/1
   382 | D:1      | Found a faded altar of an unknown god.
   584 | D:1      | Reached skill level 2 in Maces & Flails
  1030 | D:2      | Reached XP level 3. HP: 24/36 MP: 2/2
  1056 | D:2      | Found Jeuzxeoh's Antique Weapon Emporium.
  1183 | D:2      | Found Yxeutod's Magic Scroll Boutique.
  1379 | D:2      | Identified the ring "Hoen" {rC+ rN+ AC+4}
  1528 | D:2      | Found a shadowy altar of Dithmenos.
  1555 | D:2      | Found Fyipuz's Magic Scroll Shop.
  1558 | D:2      | Became a worshipper of Dithmenos the Shadowed
  1562 | D:2      | Found Lemeink's Antique Weapon Shoppe.
  1576 | D:2      | Reached XP level 4. HP: 44/44 MP: 3/3
  2126 | D:3      | Reached skill level 3 in Maces & Flails
  2134 | D:3      | Reached XP level 5. HP: 49/53 MP: 4/4
  2230 | D:3      | Noticed an ogre
  2903 | D:3      | Reached XP level 6. HP: 60/61 MP: 5/5
  3126 | D:3      | Found a blossoming altar of Fedhas.
  3180 | D:3      | Found an ornate altar of the Wu Jian Council.
  3276 | D:3      | Reached skill level 4 in Maces & Flails
  3395 | D:3      | Reached * piety under Dithmenos
  3708 | D:3      | Reached XP level 7. HP: 67/67 MP: 6/6
  4254 | D:3      | Paralysed by a gnoll bouda for 5 turns
  4378 | D:3      | Reached skill level 5 in Maces & Flails
  4805 | D:4      | Reached ** piety under Dithmenos
  5142 | D:4      | Found a staircase to the Ecumenical Temple.
  5474 | D:4      | Found a radiant altar of Vehumet.
  5668 | D:4      | Found a bloodstained altar of Trog.
  5876 | D:4      | Reached skill level 6 in Maces & Flails
  6008 | D:5      | Entered Level 5 of the Dungeon
  6010 | D:5      | Reached skill level 1 in Throwing
  6044 | D:5      | Reached XP level 8. HP: 36/75 MP: 7/7
  6212 | D:5      | Found a runed translucent door.
  6240 | D:5      | HP: 3/75 [poisoned by a water moccasin]
  6245 | D:5      | HP: 3/75 [poisoned by a water moccasin]
  6511 | D:5      | Found Wiecasa's Book Emporium.
  6668 | D:5      | Reached skill level 7 in Maces & Flails
  6896 | D:5      | Found a runed translucent door.
  7091 | D:5      | Noticed Ijyb
  7119 | D:5      | Killed Ijyb
  7213 | D:5      | Noticed 0gre's ghost (novice GnBe)
  7412 | D:4      | Killed 0gre's ghost
  7413 | D:4      | Reached skill level 1 in Stealth
  7582 | D:6      | Reached *** piety under Dithmenos
  7654 | D:6      | Reached XP level 9. HP: 65/84 MP: 8/8
  7764 | D:6      | Reached skill level 8 in Maces & Flails
  8004 | D:6      | Found Sykli's Armour Boutique.
  8103 | D:6      | Reached skill level 9 in Maces & Flails
  8532 | D:6      | Found a white marble altar of Elyvilon.
  9200 | D:7      | Reached skill level 10 in Maces & Flails
  9424 | D:7      | Identified a scroll of acquirement
  9424 | D:7      | Acquired a +5 great mace of draining
  9487 | D:7      | Reached XP level 10. HP: 89/93 MP: 9/9
  9503 | D:7      | Acquired 559 gold pieces
  9526 | D:7      | Found a snail-covered altar of Cheibriados.
  9666 | D:2      | Bought a scroll of silence for 123 gold pieces
  9692 | D:2      | Bought a pitted shortbow for 184 gold pieces
  9692 | D:2      | Identified the +6 shortbow of the Shining Light {freeze,
                  | rC+++ Will++ Int-2} (You bought it in a shop on level 2 of
                  | the Dungeon)
 10110 | D:7      | Reached **** piety under Dithmenos
 10121 | D:7      | Reached skill level 5 in Dodging
 10242 | D:7      | Reached skill level 1 in Ranged Weapons
 10441 | D:7      | Found Haifui's Distillery.
 10446 | D:7      | Bought a potion of curing for 33 gold pieces
 10446 | D:7      | Bought a potion of curing for 33 gold pieces
 10446 | D:7      | Bought a potion of curing for 33 gold pieces
 10542 | D:8      | Noticed a death yak
 10606 | D:8      | Found an opulent altar of Gozag.
 10632 | D:8      | Found a staircase to the Lair.
 10632 | D:8      | Noticed a death yak
 10672 | D:8      | Noticed a death yak
 10682 | D:7      | Killed a death yak
 10723 | D:7      | Killed a death yak
 10860 | D:8      | Killed a death yak
 10861 | D:8      | Reached skill level 11 in Maces & Flails
 10956 | D:8      | Found a stormy altar of Qazlal.
 11022 | D:8      | Reached skill level 5 in Fighting
 11041 | D:8      | Reached ***** piety under Dithmenos
 11708 | D:8      | Found a hazy altar of Hepliaklqana.
 11997 | Lair:1   | Entered Level 1 of the Lair of Beasts
 11997 | Lair:1   | Noticed a five-headed hydra
 12001 | Lair:1   | Noticed a cane toad
 12201 | D:8      | Reached XP level 11. HP: 95/102 MP: 8/10
 12416 | D:8      | Killed a five-headed hydra
 13266 | Lair:1   | Reached skill level 5 in Ranged Weapons
 14144 | Lair:2   | Reached skill level 12 in Maces & Flails
 14718 | Lair:2   | Noticed a catoblepas
 14742 | Lair:2   | Killed a catoblepas
 14743 | Lair:2   | Reached XP level 12. HP: 84/114 MP: 6/11
 15097 | Lair:2   | Identified the +0 rapier of Gualikh {speed, Str+3 Int+2
                  | Dex+3}
 15555 | Lair:3   | Reached skill level 1 in Long Blades
 16372 | Lair:3   | Found a staircase to the Shoals.
 16676 | Lair:3   | Found a hole to the Spider Nest.
 17459 | Lair:4   | Reached skill level 13 in Maces & Flails
 19363 | Lair:5   | Entered Level 5 of the Lair of Beasts
 19827 | Lair:5   | Found a staircase to the Slime Pits.
 19827 | Lair:5   | Found a viscous altar of Jiyva.
 19892 | Lair:5   | Reached XP level 13. HP: 80/124 MP: 7/12
 20065 | Lair:5   | Learned a level 2 spell: Searing Ray
 20197 | Lair:5   | Reached skill level 1 in Spellcasting
 20246 | Lair:5   | Reached skill level 5 in Long Blades
 20327 | Lair:5   | Noticed Snorg
 20338 | Lair:5   | Killed Snorg
 21350 | Lair:5   | Reached skill level 1 in Armour
 22289 | Lair:5   | Reached ****** piety under Dithmenos
 22391 | Abyss:2  | Cast into level 2 of the Abyss (a wizard)
 22504 | Abyss:2  | Noticed a tentacled starspawn
 22549 | Abyss:2  | Killed a tentacled starspawn
 22630 | Abyss:2  | Noticed a tentacled starspawn
 22638 | Abyss:2  | Killed a tentacled starspawn
 22856 | Abyss:2  | Noticed an Executioner
 22880 | Abyss:2  | HP: 4/127 [Executioner (6)]
 22880 | Abyss:2  | Slain by an Executioner

Illustrated notes

Levels and vault maps discovered:
D:1:      ebering_trefoil_twist, layout_loops_corners,
          chequers_ecumenical_altar_island,
          wander_ebering_terrifying_dragon_lair
D:2:      layout_loops_cross, basic_altar, serial_shops, shop,
          nicolae_shop_stone, nicolae_shop_stone,
          nicolae_shop_overgrown_old_shop, lightli_corner_chamber
D:3:      lemuel_castle_with_subvaults [lemuel_castle_interior_carwin_2],
          layout_loops_ring, nicolae_overflow_squiral
D:4:      layout_basic, vehumet_crystals, trog_hazing_becter,
          minmay_temple_entry_poolview, minmay_checkerbox
D:5:      layout_gridville, ebering_ghost_sewer_f, serial_shops,
          nicolae_inconvenience_store, uniq_ijyb
D:6:      minmay_thinvault, layout_loops_corners, elyvilon_altar_4,
          serial_shops, shop
D:7:      lemuel_ratsnest, layout_cave_pools, cheibriados_altar_1, serial_shops,
          shop, hellmonk_bongcloud_opening, minmay_misc_feat_secret_circle
D:8:      layout_cave_pools, nicolae_hepliaklqana_monster_ancestors,
          nicolae_gozag_cash_rules_everything_around_me,
          nicolae_qazlal_general_emergency, dpeg_lair_monsters,
          serial_co_window_serial, co_window_of_opportunity_a,
          co_window_paths_a, co_window_of_opportunity_a, co_window_paths_a,
          co_window_corner_a, co_window_cross_4, co_window_paths_c,
          co_window_corner_cb, co_window_corner_b, co_window_broadway_b,
          glass_columns_b, glass_columns_a, glass_columns_b, glass_columns_b,
          glass_columns_a, nicolae_lava_and_water
Lair:1:   layout_hall_layers
Lair:2:   layout_regular_city, serial_bayou_lagoon_a, grunt_megastairs_3
Lair:3:   layout_regular_city, elwin_shoals_entry_rocks,
          spider_nest_entry_funnel_web, serial_rivers,
          chequers_serial_rivers_large_b, chequers_serial_rivers_small_a,
          chequers_serial_rivers_small_b, chequers_serial_rivers_micro_d,
          chequers_serial_rivers_large_a, chequers_serial_rivers_small_b,
          st_stairs_11, serial_bayou_shore_b, infiniplex_staircase_pool
Lair:4:   layout_hall_layers, serial_bayou_shore_b
Lair:5:   evil_forest, layout_gridlike, minmay_slime_entry_pillars,
          infiniplex_staircase_pool_2, uniq_snorg
Abyss:2:  base: D:12, evilmike_abyss_exit_12, evilmike_abyss_exit_12,
          bh_abyss_exit_choice

Skill      XL: |  1  2  3  4  5  6  7  8  9 10 11 12 13 |
---------------+----------------------------------------+-----
Shields        | 3 4 |  4.5
Maces & Flails | 2 3 4 6 7 10 11 12 13 | 13.6
Dodging        | 3 4 5 6 7 |  7.3
Fighting       | 3 4 5 6 7 8 |  8.1
Throwing       | 1 2 |  2.8
Stealth        | 1 2 |  2.8
Ranged Weapons | 3 5 6 7 |  7.4
Long Blades    | 4 5 |  5.3
Spellcasting   | 3 |  3.1
Armour         | 2 |  2.4
Unarmed Combat | |  0.7
Evocations     | |  0.8

Action                   |  1- 3 |  4- 6 |  7- 9 | 10-12 | 13-15 || total
-------------------------+-------+-------+-------+-------+-------++-------
Melee: Flail             |   140 |   199 |       |       |       ||   339
       Mace              |       |     8 |       |       |       ||     8
       Giant spiked club |       |     6 |   228 |       |       ||   234
       Morningstar       |       |       |   242 |       |       ||   242
       Unarmed           |       |       |    20 |       |       ||    20
       Great mace        |       |       |     1 |   361 |   185 ||   547
       Great sword       |       |       |       |   136 |    42 ||   178
 Fire: Sling             |       |     3 |     4 |       |       ||     7
       Shortbow          |       |       |       |   230 |   129 ||   359
Throw: Stone             |       |     9 |       |     1 |     1 ||    11
       Large rock        |       |     3 |     8 |     3 |       ||    14
       Throwing net      |       |     1 |     1 |       |     5 ||     7
       Boomerang         |       |       |    45 |     2 |     6 ||    53
Evoke: Wand              |       |       |    13 |     2 |     1 ||    16
       Phantom mirror    |       |       |       |     1 |       ||     1
  Use: Scroll            |     5 |       |    11 |    15 |     1 ||    32
       Potion            |       |     2 |     2 |     5 |     5 ||    14
 Stab: Sleeping          |     1 |       |     1 |       |       ||     2
       Paralysed         |       |       |    18 |       |       ||    18
       Invisible         |       |       |       |       |     4 ||     4
       Held in net/web   |       |       |       |       |     1 ||     1
Armor: Robe              |    56 |   101 |   187 |   292 |    19 ||   655
       Troll leather arm |       |       |       |       |   120 ||   120
Dodge: Dodged            |    60 |    99 |   238 |   398 |   165 ||   960
Block: Kite shield       |    56 |    94 |    93 |       |       ||   243
